 Dungeon Crawl Stone Soup version 0.17-a0-1900-g45e8110 (webtiles) character file.

61200 Goblin1989 the Martial Artist (level 15, -22/84 HPs)
             Began as a Vine Stalker Monk on Sept 24, 2015.
             Was the Champion of Ashenzari.
             Annihilated by an ettin
             ... wielding a +0 dire flail
              (35 damage)
             ... on level 4 of the Orcish Mines.
             The game lasted 02:34:43 (23334 turns).

Goblin1989 the Martial Artist (Vine Stalker Monk)  Turns: 23334, Time: 02:34:47

Health: -22/84     AC: 17    Str: 16    XL:     15   Next: 2%
Magic:  0/17       EV: 25    Int: 15    God:    Ashenzari [******]
Gold:   1284       SH:  6    Dex: 18    Spells: 5 memorised, 2 levels left

rFire  + . .     SeeInvis +       - Unarmed
rCold  + . .     Clarity  +     K - +4 steam dragon armour (curse)
rNeg   + . .     SustAt   .     y - +0 buckler {rC+} (curse)
rPois  .         Gourm    .     H - +1 hat
rElec  .         Spirit   +     p - +0 cloak (curse)
rCorr  .         Warding  +     D - +0 pair of gloves (curse)
rMut   .         Stasis   .     c - +0 pair of boots
MR     +....                    f - amulet of warding (curse)
Stlth  +++++.....               m - +3 ring of protection (curse)
                                l - +4 ring of evasion

@: repel missiles, somewhat resistant to hostile enchantments, quite stealthy
A: fangs 3, horns 1, berserk 1, fire resistance 1, low mp 1, regeneration 3,
strong 1, magic shield, antimagic bite, no device heal 3, rot immunity
a: Scrying, Transfer Knowledge, Renounce Religion


You were on level 4 of the Orcish Mines.
You worshipped Ashenzari.
Ashenzari was exalted by your worship.
You were not hungry.

You visited 3 branches of the dungeon, and saw 24 of its levels.
You also visited: Labyrinth, Bailey and Ice Cave.

You collected 2772 gold pieces.
You spent 1488 gold pieces at shops.

Inventory:

Hand weapons
 O - a +2 blowgun
Missiles
 Q - 6 poisoned needles
 R - 6 curare-tipped needles
Armour
 c - a +0 pair of boots (worn)
 p - a cursed +0 cloak (worn)
 y - a cursed +0 buckler of cold resistance (worn)
 D - a cursed +0 pair of gloves (worn)
 H - a +1 hat (worn)
 K - a cursed +4 steam dragon armour (worn)
Rods
 b - a +9 rod of destruction (12/12)
   (You found it in a labyrinth)
Jewellery
 f - a cursed amulet of warding (around neck)
 h - an uncursed ring of poison resistance
 l - a +4 ring of evasion (left hand)
 m - a cursed +3 ring of protection (right hand)
Magical devices
 i - a wand of digging (11)
 C - a wand of disintegration (6)
Scrolls
 a - 4 scrolls of immolation
 g - 4 scrolls of magic mapping
 j - 11 scrolls of identify
 k - a scroll of recharging
 n - a scroll of curse jewellery
 o - 3 scrolls of fog
 r - 4 scrolls of blinking
 s - a scroll of amnesia
 A - a scroll of summoning
 F - 5 scrolls of teleportation
 G - 3 scrolls of fear
 S - a scroll of curse weapon
 T - 3 scrolls of remove curse
Potions
 e - a potion of resistance
 q - a potion of magic
 u - 3 potions of flight
 v - a potion of invisibility
 z - a potion of haste
 E - 4 potions of cancellation
 I - 2 potions of might
 M - 5 potions of brilliance
 N - 5 potions of curing
 P - 2 potions of agility
Comestibles
 B - 11 bread rations


   Skills:
 + Level 11.9 Fighting
 - Level 3.8 Armour
 + Level 8.2(11.2) Dodging
 - Level 9.5(12.3) Stealth
 - Level 4.1(7.0) Shields
 * Level 14.4 Unarmed Combat
 - Level 2.0 Spellcasting
 - Level 2.4(4.8) Hexes
 - Level 1.8(4.0) Charms
 - Level 5.9(9.0) Necromancy
   Level 1.9(4.1) Translocations
 - Level 5.4(8.4) Transmutations
 - Level 2.2(4.5) Air Magic
 - Level 5.2(8.2) Earth Magic
 - Level 3.9(6.7) Evocations


You had 2 spell levels left.
You knew the following spells:

 Your Spells              Type           Power        Failure   Level  Hunger
a - Repel Missiles        Chrm/Air       ##....       8%          2    ###....
b - Confusing Touch       Hex            ###...       6%          2    ###....
c - Animate Dead          Necr           N/A          6%          4    #####..
d - Statue Form           Trmt/Erth      ####.....    95%         6    #######
e - Stoneskin             Trmt/Erth      ####....     1%          2    ###....


Dungeon Overview and Level Annotations

Branches:
Dungeon (12/15)            Temple (0/1) D:7            Lair (8/8) D:11
  Swamp (0/4) Lair:3       Spider (0/4) Lair:6        Slime (0/6) Lair:7
    Orc (4/4) D:12            Elf (0/3) Orc:4

Altars:
Ashenzari
Cheibriados
Dithmenos
Kikubaaqudgha
Makhleb
Nemelex Xobeh
Okawaru
Sif Muna
Trog
Yredelemnul
The Shining One
Beogh
Jiyva

Shops:
D:10 :   D:12 !   Orc:1 [   Orc:2 ?

Portals:
Trove: D:12 (give +4 demon whip)

Annotations:
Lair:3 exclusion: downstairs
Lair:6 exclusion: orb spider
Lair:8 1 exclusion


Innate Abilities, Weirdness & Mutations

You have razor-sharp teeth.
You regenerate.
When hurt, damage is shared between your health and your magic reserves.
Your bite disrupts and absorbs the magic of your enemies.
Potions and wands cannot restore your health.
You are immune to rotting.
You have a pair of small horns on your head.
You tend to lose your temper in combat.
Your flesh is heat resistant.
Your magical capacity is low (-10% MP).
Your muscles are strong. (Str +2)


Message History

You punch the ettin! Your bite misses the ettin.
The ettin is moderately wounded.
The ettin misses you. The ettin hits you with a dire flail!!
Your orc zombie hits the ettin but does no damage.
You hit the ettin but do no damage. You headbutt the ettin. You bite the ettin!
You drain its power.
You feel invigorated.
The ettin is moderately wounded.
The ettin hits you with a dire flail!! The ettin completely misses you.
Your orc zombie hits the ettin but does no damage.
You hit the ettin but do no damage. You headbutt the ettin.
The ettin is heavily wounded.
Your orc zombie hits the ettin but does no damage.
Your orc zombie barely misses the ettin.
You punch the ettin! You headbutt the ettin. You bite the ettin!
You drain its power.
You feel invigorated.
The ettin is severely wounded.
The ettin hits you with a dire flail!!!
* * * LOW HITPOINT WARNING * * *
The ettin hits you with a dire flail!!!
You die...

....####..........Z.###
....# *#............#
.....,*#.........#)##
.##.. ###.......### ##*
*, .........# .# * *
........(##### ## *
*.....Z)ZZ)...## ,
.$....)ZZZ.)..## ,,
.....{##@Z.....#* * ,,
.....#,#CZZ)....#* ,
....# *##Z.......# **
*,,....,** .Z......## *
* ,... , ,........## ,.
, ,........## ,,,,,
,,....$.#.## **
,,,,......#### * , , ,
, ,,,*


You could see an ettin, 7 friendly orc zombies, a friendly orc zombie and 3
friendly orc zombies.

Vanquished Creatures
  An ice dragon (Lair:7)
  Fannar (Orc:1)
  An ogre mage (Orc:1)
  Erolcha (D:12)
  4 hydras
  2 death yaks (Lair:7)
  The ghost of Anothat the Nimble, an experienced MiMo of Qazlal (Lab)
  Nergalle (Orc:1)
  2 unseen horrors
  An ice devil (IceCv)
  2 ice statues (IceCv)
  3 hill giants
  Pikel (D:8)
  2 orc sorcerers
  A cyclops (D:12)
  An ugly thing (D:12)
  A griffon (Lair:6)
  15 elephants
  Maurice (D:10)
  3 black mambas
  Psyche (D:8)
  A gargoyle (D:10)
  15 spiny frogs
  11 komodo dragons
  4 fire drakes
  8 blue devils (IceCv)
  A polar bear (Lair:8)
  15 blink frogs
  9 slime creatures (D:12)
  2 trolls
  A spriggan (Lair:2)
  3 shadows (Lab)
  A basilisk (Lair:2)
  3 deep elf magi
  A hippogriff (Lair:3)
  A wraith (D:10)
  A wyvern (D:10)
  8 wolves (Lair:8)
  41 yaks
  Menkaure (D:7)
  2 steam dragons
  23 orc warriors
  2 necrophages
  7 sky beasts
  14 water moccasins
  A slave (D:8)
  3 black bears
  4 porcupines
  An eye of draining (D:12)
  2 phantoms
  An ice beast (D:9)
  11 ogres
  10 centaurs
  10 giant frogs
  13 crocodiles
  A gnoll sergeant (D:7)
  A big kobold (D:9)
  2 scorpions
  16 wights
  4 killer bees (D:7)
  4 crimson imps
  A quasit (D:11)
  22 orc wizards
  2 giant frog zombies
  A centaur zombie (D:6)
  27 orc priests
  10 hounds
  7 jellies
  Crazy Yiuf (D:4)
  A giant frog skeleton (D:11)
  A centaur skeleton (Lab)
  13 iguanas
  5 worker ants
  41 sheep
  A killer bee zombie (D:10)
  An ogre skeleton (Lab)
  3 worker ant zombies
  A hound skeleton (D:4)
  9 gnolls
  9 adders
  57 river rats
  2 shadow imps (D:9)
  8 white imps (IceCv)
  7 ufetubi (IceCv)
  9 oozes
  2 adder skeletons (D:4)
  2 worms (D:2)
  5 giant geckos
  204 orcs
  5 bats
  5 giant cockroaches
  9 goblins
  10 hobgoblins
  6 quokkas
  2 giant gecko zombies
  6 giant newts
  8 jackals
  A jackal skeleton (D:7)
  A jackal zombie (D:7)
  16 kobolds
  2 quokka skeletons
  10 rats
  A spectral orc (D:8)
  A fungus (D:4)
840 creatures vanquished.

Vanquished Creatures (collateral kills)
  An orc sorcerer (Orc:1)
  An oklob plant (Lair:8)
  3 elephants
  A spiny frog (Lair:8)
  A komodo dragon (Lair:8)
  A polar bear (Lair:7)
  A blink frog (Lair:7)
  A water moccasin (Lair:8)
  A wolf (Lair:8)
  2 crocodiles (Lair:8)
  A phantom (D:12)
  2 orc priests
  6 sheep (Lair:7)
  14 river rats
  8 orcs
  A butterfly (Lair:7)
  A fungus (Lair:8)
46 creatures vanquished.

Vanquished Creatures (others)
  A slave (D:8)
  A crimson imp (D:8)
  2 ufetubi (IceCv)
  6 fungi
  5 plants
  5 toadstools (D:1)
20 creatures vanquished.

Grand Total: 906 creatures vanquished

Notes
Turn   | Place    | Note
--------------------------------------------------------------
     0 | D:1      | Goblin1989 the Vine Stalker Monk began the quest for the Orb.
     0 | D:1      | Reached XP level 1. HP: 11/11 MP: 2/2
    59 | D:1      | Reached XP level 2. HP: 14/16 MP: 3/3
   752 | D:1      | Reached XP level 3. HP: 17/19 MP: 4/4
   858 | D:1      | Reached skill level 5 in Unarmed Combat
   863 | D:2      | Found a shattered altar of Ashenzari.
   863 | D:2      | Found a burning altar of Makhleb.
   903 | D:2      | Found a bloodstained altar of Trog.
   909 | D:2      | Became a worshipper of Ashenzari the Shackled
   909 | D:2      | Acquired Ashenzari's first power
   909 | D:2      | Acquired Ashenzari's second power
  1195 | D:2      | Reached XP level 4. HP: 19/23 MP: 5/5
  1488 | D:2      | Found a faded altar to an unknown god.
  1564 | D:2      | Found a glowing golden altar of the Shining One.
  1812 | D:2      | Reached XP level 5. HP: 24/27 MP: 6/6
  2255 | D:3      | Found a shadowy altar of Dithmenos.
  2288 | D:3      | Reached skill level 6 in Unarmed Combat
  3059 | D:4      | Gained mutation: You heal very quickly. [Vine Stalker growth]
  3059 | D:4      | Reached XP level 6. HP: 18/32 MP: 5/7
  3324 | D:4      | Reached skill level 7 in Unarmed Combat
  3759 | D:4      | Noticed Crazy Yiuf
  3762 | D:4      | Gained mutation: You tend to lose your temper in combat. [potion of mutation]
  3762 | D:4      | Gained mutation: Your flesh is heat resistant. [potion of mutation]
  3762 | D:4      | Gained mutation: Your muscles are strong. (Str +2) [potion of mutation]
  3775 | D:4      | Killed Crazy Yiuf
  3822 | D:5      | Entered Level 5 of the Dungeon
  3834 | D:5      | Reached skill level 5 in Stealth
  3852 | D:5      | Reached XP level 7. HP: 30/35 MP: 8/8
  3904 | D:5      | Acquired Ashenzari's third power
  4257 | D:5      | Reached skill level 8 in Unarmed Combat
  4408 | D:6      | Gained mutation: You have razor-sharp teeth. [Vine Stalker growth]
  4408 | D:6      | Reached XP level 8. HP: 31/39 MP: 9/9
  4485 | D:6      | Reached skill level 9 in Unarmed Combat
  4545 | D:6      | Gained mutation: Your magical capacity is low (-10% MP). [potion of mutation]
  4545 | D:6      | Gained mutation: You have a pair of small horns on your head. [potion of mutation]
  5122 | D:7      | Noticed Menkaure
  5250 | D:7      | Learned a level 2 spell: Repel Missiles
  5286 | D:7      | Killed Menkaure
  5296 | D:7      | Reached skill level 1 in Air Magic
  5344 | D:7      | Reached skill level 1 in Charms
  5344 | D:7      | Reached XP level 9. HP: 41/44 MP: 7/9
  5355 | D:7      | Reached skill level 10 in Unarmed Combat
  5686 | D:7      | Found a snail-covered altar of Cheibriados.
  5954 | D:7      | Found a staircase to the Ecumenical Temple.
  6103 | D:8      | Found an iron altar of Okawaru.
  6112 | D:8      | Noticed Pikel
  6129 | D:8      | Killed Pikel
  6129 | D:8      | Reached skill level 5 in Fighting
  6129 | D:8      | Reached skill level 1 in Armour
  6230 | D:8      | Found a sparkling altar of Nemelex Xobeh.
  6336 | D:8      | Acquired Ashenzari's fourth power
  6349 | D:8      | Noticed Psyche
  6355 | D:8      | Killed Psyche
  6355 | D:8      | Reached XP level 10. HP: 53/53 MP: 10/10
  6422 | D:8      | Learned a level 2 spell: Confusing Touch
  6586 | D:8      | Found a basalt altar of Yredelemnul.
  6660 | D:9      | Found an ancient bone altar of Kikubaaqudgha.
  6678 | D:9      | Reached skill level 1 in Hexes
  7088 | D:9      | Reached skill level 11 in Unarmed Combat
  7277 | D:9      | Noticed an unseen horror
  7292 | D:9      | Killed an unseen horror
  7564 | D:10     | Entered Level 10 of the Dungeon
  7592 | D:10     | Learned a level 3 spell: Gell's Gravitas
  7645 | D:10     | Noticed a hill giant
  7659 | D:10     | Killed a hill giant
  7659 | D:10     | Reached skill level 1 in Translocations
  7659 | D:10     | Reached XP level 11. HP: 35/60 MP: 10/10
  7734 | D:10     | Found a roughly hewn altar of Beogh.
  8055 | D:10     | Found Venlopt's Book Shop.
  8237 | D:10     | Noticed Maurice
  8246 | D:10     | Killed Maurice
  8356 | D:10     | Noticed a hill giant
  8377 | D:10     | Killed a hill giant
  8939 | D:11     | Found a flagged portal.
  8950 | Bailey   | Entered a bailey
  9114 | Bailey   | Noticed an orc knight
  9114 | Bailey   | Noticed an orc knight
  9115 | Bailey   | Noticed an orc knight
  9517 | D:11     | Found a staircase to the Lair.
  9841 | D:11     | Found a deep blue altar of Sif Muna.
  9888 | D:11     | Reached skill level 12 in Unarmed Combat
 10064 | Lair:1   | Entered Level 1 of the Lair of Beasts
 10075 | Lair:1   | Found a labyrinth entrance.
 10087 | Lab      | Entered a labyrinth
 10357 | Lab      | Acquired Ashenzari's fifth power
 10402 | Lab      | Noticed Anothat's ghost (experienced MiMo)
 10483 | Lab      | Killed Anothat's ghost
 10771 | Lab      | Gained mutation: You regenerate. [Vine Stalker growth]
 10771 | Lab      | Reached XP level 12. HP: 61/67 MP: 11/11
 10831 | Lab      | Noticed a minotaur
 10937 | Lair:1   | Identified a +9 rod of destruction (12/12) (You found it in a labyrinth)
 10997 | Lair:1   | Reached skill level 10 in Fighting
 11141 | Lair:1   | Reached skill level 5 in Dodging
 11157 | Lair:1   | Reached skill level 1 in Evocations
 12590 | Lair:3   | Found a staircase to the Swamp.
 12878 | D:10     | Bought a book of Unlife for 975 gold pieces
 12883 | D:10     | Learned a level 4 spell: Animate Dead
 13786 | Lair:4   | Reached skill level 1 in Necromancy
 13956 | Lair:4   | Noticed a six-headed hydra
 13973 | Lair:4   | Killed a six-headed hydra
 13973 | Lair:4   | Reached XP level 13. HP: 72/72 MP: 15/15
 14272 | Lair:4   | Noticed a six-headed hydra
 14301 | Lair:4   | Killed a six-headed hydra
 14301 | Lair:4   | Reached skill level 13 in Unarmed Combat
 15592 | Lair:5   | Reached skill level 1 in Spellcasting
 15849 | Lair:5   | Learned a level 6 spell: Statue Form
 15986 | Lair:5   | Reached skill level 1 in Transmutations
 16034 | Lair:6   | Reached skill level 1 in Earth Magic
 16146 | Lair:6   | Found a hole to the Spider Nest.
 16220 | Lair:6   | Identified the +5 ring mail "Dirr" {Str+2}
 16805 | Lair:7   | Found a frozen archway.
 17091 | IceCv    | Entered an ice cave
 17379 | IceCv    | Reached XP level 14. HP: 72/79 MP: 14/16
 17541 | IceCv    | Reached skill level 1 in Shields
 18038 | Lair:2   | Learned a level 2 spell: Stoneskin
 18639 | Lair:7   | Reached skill level 5 in Necromancy
 18813 | Lair:7   | Found a staircase to the Slime Pits.
 18814 | Lair:7   | Found a viscous altar of Jiyva.
 19251 | Lair:8   | Entered Level 8 of the Lair of Beasts
 19822 | Lair:8   | Reached skill level 14 in Unarmed Combat
 20366 | D:12     | Found Ritolem's Distillery.
 20374 | D:12     | Bought a potion of resistance for 160 gold pieces
 20374 | D:12     | Bought a potion of magic for 128 gold pieces
 20374 | D:12     | Bought a potion of agility for 64 gold pieces
 20374 | D:12     | Bought a potion of might for 64 gold pieces
 20883 | D:12     | Found a staircase to the Orcish Mines.
 20937 | D:12     | Noticed Erolcha
 20944 | D:12     | Killed Erolcha
 21001 | D:12     | Found a portal to a secret trove of treasure.
 21270 | Orc:1    | Entered Level 1 of the Orcish Mines
 21270 | Orc:1    | Found Runu Luo's Armour Shop.
 21280 | Orc:1    | Noticed Fannar
 21324 | Orc:1    | Killed Fannar
 21324 | Orc:1    | Reached skill level 5 in Transmutations
 21457 | Orc:1    | Noticed Nergalle
 21476 | Orc:1    | Killed Nergalle
 21495 | Orc:1    | Reached skill level 5 in Earth Magic
 21687 | Orc:1    | Your ally Nergalle died
 21819 | Orc:2    | Found a roughly hewn altar of Beogh.
 21822 | Orc:2    | Found Raump's Magic Scroll Shoppe.
 21843 | Orc:2    | Bought a scroll of enchant armour for 97 gold pieces
 22855 | Orc:3    | Reached XP level 15. HP: 84/84 MP: 17/17
 23125 | Orc:4    | Entered Level 4 of the Orcish Mines
 23125 | Orc:4    | Found a staircase to the Elven Halls.
 23334 | Orc:4    | Annihilated by an ettin

Vault maps used:
D:1:      ldierk_walled_garden, hangedman_feature_mirror, minmay_misc_feat_tower
D:2:      gammafunk_temple_overflow_forgotten, old_standard_altar,
          ecumenical_altar_1, guppyfry_early_lair_pool
D:3:      grunt_dithmenos_smoke_and_mirrors, first_bread
D:4:      kennysheep_generic_room_7, uniq_crazy_yiuf_cottage
D:7:      nicolae_overflow_hidden_temple, cheibriados_altar_1,
          minmay_temple_entry_poolview, uniq_menkaure
D:8:      kennysheep_mini_moat, yredelemnul_forgotten_temple_becter,
          overflow_temple_1_default, uniq_psyche, uniq_pikel
D:9:      lemuel_round_altar, serial_park_tiny_2, hangedman_little_slice_of_home
D:10:     serial_shops, nicolae_shop_temple_entry_statues_fountains,
          spider_trap, uniq_maurice
D:11:     minmay_lair_entry_lava, enter_bailey_3, lemuel_blue_sif_altar
D:12:     orc_0_dummy, nicolae_trove_entry_free_sample, serial_shops, shop,
          uniq_erolcha
Lair:1:   lab_entry_generic
Lair:2:   beast_lair_carwin_large_3, grunt_forest_large_clearing_hut
Lair:3:   minmay_swamp_entry_eels
Lair:4:   serial_forest, infiniplex_forest_clump_large,
          infiniplex_forest_lined_3_way, infiniplex_forest_end_3,
          infiniplex_forest_corner_1, infiniplex_forest_clump_double,
          infiniplex_forest_straight_2, infiniplex_forest_straight_2,
          infiniplex_forest_clump_long, serial_bayou_shore_b
Lair:5:   columned_hall_lemuel
Lair:6:   nicolae_spider_entry_orb_guardian, serial_bayou_lagoon_a
Lair:7:   slime_altar_1, portal_ice_cave_entry_dragon, grunt_megastairs_2,
          serial_bayou_shore_b, infiniplex_staircase_pool_2, lemuel_fruit_fields
Lair:8:   due_jungle_book
Orc:1:    serial_shops, shop, mines4_lemuel, uniq_fannar, uniq_nergalle
Orc:2:    serial_shops, shop, basic_altar
Orc:3:    nicolae_orc_pool_cavern
Orc:4:    st_orc_elflike, basic_altar
Lab:      labyrinth_mini_lab, nicolae_lab_hexagon, lab_hedge,
          labyrinth_skeletal_remains, nicolae_lab_big_swirl, nicolae_lab_t_cross
Bailey:   bailey_polearm_1, bailey
IceCv:    ice_cave_small_demon

Action                   |  1- 3 |  4- 6 |  7- 9 | 10-12 | 13-15 || total
-------------------------+-------+-------+-------+-------+-------++-------
Melee: Unarmed           |    76 |   196 |   320 |   878 |  1249 ||  2719
 Fire: Blowgun           |       |       |       |       |     6 ||     6
 Cast: Repel Missiles    |       |       |     1 |     4 |     1 ||     6
       Confusing Touch   |       |       |       |    15 |    15 ||    30
       Gell's Gravitas   |       |       |       |    10 |       ||    10
       Animate Dead      |       |       |       |       |    34 ||    34
       Stoneskin         |       |       |       |       |     3 ||     3
Evoke: Wand              |       |       |     5 |     5 |     1 ||    11
       Rod               |       |       |       |    18 |    21 ||    39
  Use: Scroll            |     2 |       |     3 |    23 |     7 ||    35
       Potion            |       |     1 |     7 |     2 |       ||    10
 Stab: Sleeping          |     7 |     5 |    12 |    32 |    62 ||   118
       Distracted        |       |     2 |     1 |     1 |     6 ||    10
       Confused          |       |       |       |     8 |     6 ||    14
  Eat: Chunk             |     1 |     5 |     8 |    19 |    31 ||    64
       Beef jerky        |       |     1 |       |     2 |       ||     3
       Pizza             |       |     1 |       |     1 |     1 ||     3
       Fruit             |       |       |     1 |       |       ||     1
       Meat ration       |       |       |     1 |     1 |     2 ||     4
       Royal jelly       |       |       |       |     1 |       ||     1
       Bread ration      |       |       |       |       |     1 ||     1
